 Dungeon Crawl Stone Soup version 0.28-a0-726-g4a9143789a (webtiles) character file.

Game seed: 11309345648786876610

222 lunkers the Skirmisher (level 6, 0/48 HPs)
             Began as a Djinni Cinder Acolyte on Oct 27, 2021.
             Was a High Priest of Ignis.
             Slain by Duvessa (12 damage)
             ... on level 4 of the Dungeon.
             The game lasted 00:05:53 (4535 turns).

lunkers the Skirmisher (Djinni Cinder Acolyte)      Turns: 4535, Time: 00:05:53

Health: 0/48       AC:  2    Str: 13    XL:     6   Next: 19%
Gold:   151        EV: 11    Int: 18    God:    Ignis [*****.] SH:  0 Dex:  8

rFire   + + +      SeeInvis .   l - staff of conjuration
rCold   x . .      Faith    .   (no shield)
rNeg    . . .      Spirit   .   b - +0 robe
rPois   ∞          Reflect  .   (no helmet)
rElec   .          Harm     .   (no cloak)
rCorr   .          Rampage  .   (no gloves)
Will    .....                   (boots unavailable)
Stlth   +.........              (no amulet)
HPRegen 0.16/turn               (no ring)
MPRegen 0.00/turn               (no ring)

@: flying, very slightly contaminated
A: sickness immunity, fire resistance 2, cold vulnerability 1, float, innate
caster, hp casting, extra vitality 1
a: Renounce Religion, Sea of Fire, Foxfire Swarm, Rising Flame


You were on level 4 of the Dungeon.
You worshipped Ignis.
Ignis was extremely pleased with you.
You visited 1 branch of the dungeon, and saw 4 of its levels.

You collected 151 gold pieces.

Inventory:

Hand Weapons
 a - a -1 falchion of flaming
Armour
 b - a +0 robe (worn)
Magical Staves
 l - a staff of conjuration (weapon)
Jewellery
 c - an amulet of reflection
 g - a ring of fire
Wands
 q - a wand of flame (15)
Scrolls
 f - 2 scrolls of identify
 i - a scroll of summoning {unknown}
 j - a scroll of fear {unknown}
Potions
 d - a potion of brilliance {unknown}
 e - 2 potions of curing
 h - a potion of cancellation {unknown}
 k - a potion of degeneration {unknown}
 m - a potion of resistance {unknown}
 n - a potion of might {unknown}
 o - a potion of flight {unknown}
 p - a potion of lignification {unknown}


   Skills:
 + Level 4.3 Fighting
 - Level 2.6 Long Blades
 * Level 4.3 Spellcasting


You had 8 spell levels left.
You knew the following spells:

 Your Spells              Type           Power      Damage    Failure   Level
a - Magic Dart            Conj           100%       1d8       2%          1
b - Corpse Rot            Necr/Air       38%        N/A       3%          2
p - Scorch                Fire           38%        2d6       3%          2
Your spell library was empty.

Dungeon Overview and Level Annotations

Branches:
Dungeon (4/15)
 Temple: D:4-7

Altars:
Cheibriados
Dithmenos
Okawaru

Annotations:
D:4 Dowan, Duvessa


Innate Abilities, Weirdness & Mutations

You are immune to sickness and miasma.
You are immune to poison.
Your flesh is very heat resistant. (rF++)
You are vulnerable to cold. (rC-)
You float through the air rather than walking.
You learn spells naturally, not from books.
Your magical power is your life essence.
You have superior vitality. (+4 HP)


Message History

The puff of flame hits Duvessa but does no damage.
Casting: Scorch (safe; 3% risk of failure)
Press: ? - help, Q - select action, (/) - cycle Dir - look around, f - activate Flames lash the hobgoblin.
You kill the hobgoblin!
Dowan is no longer more vulnerable to fire.
Duvessa hits you with a +0 short sword!
Casting: Scorch (safe; 3% risk of failure)
Press: ? - help, Q - select action, (/) - cycle Dir - look around, f - activate You miscast Scorch.
You are very lightly contaminated with residual magic.
Nothing appears to happen.
Duvessa barely misses you.
Dowan hits you with a +1 dagger of holy wrath.
Casting: Scorch (safe; 3% risk of failure)
Press: ? - help, Q - select action, (/) - cycle Dir - look around, f - activate Flames lash Duvessa.
Duvessa is lightly wounded.
Duvessa's fire resistance burns away.
* * * LOW HITPOINT WARNING * * *
Duvessa hits you with a +0 short sword.
* * * LOW HITPOINT WARNING * * *
Dowan hits you with a +1 dagger of holy wrath.
* * * LOW HITPOINT WARNING * * *
Casting: Scorch (safe; 3% risk of failure)
Press: ? - help, Q - select action, (/) - cycle Dir - look around, f - activate Flames lash Dowan.
Dowan is heavily wounded.
Dowan's fire resistance burns away.
* * * LOW HITPOINT WARNING * * *
Duvessa says, "Beauty is only skin deep, and my weapons penetrate much further than that."
Duvessa hits you with a +0 short sword.
* * * LOW HITPOINT WARNING * * *
Dowan hits you with a +1 dagger of holy wrath.
* * * LOW HITPOINT WARNING * * *
As you read the scroll labelled SIKIDE WUERI LAXO, it crumbles to dust.
It is a scroll of identify.
e - 2 potions of curing Duvessa hits you with a +0 short sword!
You die...

#######
......#####################
......#.....#....e†........
......#.....#...@e#........
......#.....'.....#........
......#.....#.....#e.......
......#.....#.....#........
......#.....#.....#........
......#.....###...####....#
......#.....###############
......#..............#
......'..............#


You could see Duvessa (combustible) and Dowan (combustible).

Vanquished Creatures
  A water moccasin skeleton (D:2)
  A hound (D:4)
  An iguana (D:4)
  3 adders
  2 worms (D:2)
  2 dart slugs (D:2)
  5 orcs (D:3)
  6 endoplasms
  6 giant cockroaches
  6 goblins
  9 hobgoblins
  11 jackals
  2 kobolds
  3 quokkas
  3 ball pythons
  3 bats
  2 frilled lizards (D:1)
  7 rats
73 creatures vanquished.

Notes
Turn   | Place    | Note
-------+----------+-------------------------------------------
     0 | D:1      | lunkers the Djinni Cinder Acolyte began the quest for the
                  | Orb.
     0 | D:1      | Reached XP level 1. HP: 20/20 MP: 0/0
   284 | D:1      | Reached XP level 2. HP: 24/25 MP: 0/0
   401 | D:1      | Noticed a golden eye
   403 | D:1      | Found a faded altar of an unknown god.
   404 | D:1      | Noticed a floating eye
   404 | D:1      | Noticed an eye of devastation
   404 | D:1      | Noticed a golden eye
   858 | D:1      | Reached XP level 3. HP: 28/30 MP: 0/0
   858 | D:1      | Learned a level 1 spell: Magic Dart
  1668 | D:2      | Reached XP level 4. HP: 31/35 MP: 0/0
  2811 | D:2      | Reached XP level 5. HP: 35/41 MP: 0/0
  2811 | D:2      | Learned a level 2 spell: Corpse Rot
  3955 | D:3      | Found an iron altar of Okawaru.
  3955 | D:3      | Found a snail-covered altar of Cheibriados.
  4114 | D:4      | Reached XP level 6. HP: 22/47 MP: 0/0
  4383 | D:4      | Found a shadowy altar of Dithmenos.
  4523 | D:4      | Noticed Duvessa
  4523 | D:4      | Noticed Dowan
  4535 | D:4      | Slain by Duvessa

Illustrated notes

Levels and vault maps discovered:
D:1:      dpeg_arrival_boxes_within_box, layout_basic,
          hellmonk_ecumenical_altar_watching_god
D:2:      layout_basic
D:3:      layout_rooms, minitemple, serial_curves, eino_curves_02,
          eino_curves_01
D:4:      layout_gridville, nicolae_dithmenos_shadow_blocks,
          kennysheep_little_box, uniq_duvessa

Skill      XL: |  1  2  3  4  5 |
---------------+----------------+-----
Spellcasting   | 3 4 |  4.3
Fighting       | 4 |  4.3
Long Blades    | |  2.6

Action                   |  1- 3 |  4- 6 || total
-------------------------+-------+-------++-------
Melee: Falchion          |    52 |       ||    52
 Cast: Scorch            |    12 |    55 ||    67
       Magic Dart        |    23 |    39 ||    62
Evoke: Wand              |       |     2 ||     2
  Use: Scroll            |       |     1 ||     1
 Stab: Sleeping          |     1 |       ||     1
Armor: Robe              |    14 |     8 ||    22
Dodge: Dodged            |    30 |    10 ||    40

Table legend: (Time is in decaauts)
 A = Elapsed time spent in this place.
 B = Non-inter-level travel time spent in this place.
 C = Inter-level travel time spent in this place.
 D = Time resting spent in this place.
 E = Time spent auto-exploring this place.
 F = Levels seen in this place.
 G = Mean time per level.
                   A        B        C        D        E       F      G
               +--------+--------+--------+--------+--------+-----+--------+
         Total |   4544 |   4482 |     62 |    291 |   3745 |   4 | 1136.0 |
       Dungeon |   4544 |   4482 |     62 |    291 |   3745 |   4 | 1136.0 |
               +--------+--------+--------+--------+--------+-----+--------+

Top non-repeatable levels by time:
     D:1: 1728 daAuts
     D:2: 1389 daAuts
     D:3: 940 daAuts
     D:4: 485 daAuts
